 Dungeon Crawl Stone Soup version 0.30.0-18-gc0e69614cb (webtiles) character file.

Game seed: 7759777061745138208

105 KittyFluff the Cudgeller (level 4, -1/29 HPs)
             Began as a Gargoyle Berserker on May 25, 2023.
             Was a Believer of Trog.
             Slain by a lemure (4 damage)
             ... led by Pikel
             ... on level 4 of the Dungeon.
             The game lasted 00:04:46 (1321 turns).

KittyFluff the Cudgeller (Gargoyle Berserker)       Turns: 1321, Time: 00:04:47

Health: -1/29      AC:  6    Str: 20    XL:     4   Next: 83%
Magic:  4/4        EV: 12    Int:  8    God:    Trog [**....]
Gold:   81         SH:  0    Dex: 11    Spells: 3/3 levels left

rFire   . . .        a - +0 mace
rCold   . . .        (no shield)
rNeg    + . .        b - +0 animal skin
rPois   ∞            (no helmet)
rElec   +            (no cloak)
rCorr   .            (no gloves)
SInv    .            g - +0 pair of boots
Will    .....        (no amulet)
Stlth   +            (no ring)
HPRegen 0.24/turn    (no ring)
MPRegen 0.09/turn

%: no passive effects
@: no status effects
A: sickness immunity, AC +3, negative energy resistance 1, electricity
resistance, torment resistance 1, petrification resistance
a: Renounce Religion, Berserk, Trog's Hand


You were on level 4 of the Dungeon.
You worshipped Trog.
Trog was pleased with you.
You visited 1 branch of the dungeon, and saw 3 of its levels.

You collected 81 gold pieces.

Inventory:

Hand Weapons
 a - a +0 mace (weapon)
 l - a +0 sling
Missiles
 j - 4 atropa-tipped darts (quivered)
Armour
 b - a +0 animal skin (worn)
 g - a +0 pair of boots (worn)
Scrolls
 c - 3 scrolls of identify {unknown}
 d - 3 scrolls of amnesia
 f - a scroll of summoning {unknown}
 h - 2 scrolls of vulnerability {unknown}
 i - 2 scrolls of teleportation {unknown}
 k - a scroll of immolation {unknown}
Potions
 e - 2 potions of curing {unknown}


   Skills:
 + Level 3.7 Fighting
 * Level 4.5 Maces & Flails
 * Level 2.9 Armour
 + Level 1.6 Dodging
 + Level 1.0 Stealth


You had 3 spell levels left.
You didn't know any spells.
Your spell library was empty.

Dungeon Overview and Level Annotations

Branches:
Dungeon (2/15)

Altars:

Annotations:
D:4 Pikel, Sigmund


Innate Abilities, Weirdness & Mutations

You are immune to sickness and miasma.
Your stone body is resilient. (AC +3)
You are immune to poison.
You resist negative energy. (rN+)
You are resistant to electric shocks. (rElec)
You are resistant to unholy torment.
You are immune to petrification.


Message History

You hear a shout!
A lemure comes into view.
The hobgoblin misses you. Sigmund casts a spell at you.
You resist with some effort.
Pikel, Merchant of Souls comes into view.
He is wielding a +0 whip of flaming.
The hobgoblin closely misses you.
A lemure comes into view.
A lemure comes into view.
Found a puce potion.
Sigmund mumbles some strange words.
Sigmund flickers and vanishes!
Deactivating autopickup; reactivate with Ctrl-A.
The hobgoblin closely misses you. The lemure hits you.
The lemure attacks as you move away! The lemure hits you.
The lemure attacks as you move away! The lemure misses you.
You sock the lemure!
The lemure is moderately wounded.
The lemure hits you.
You closely miss the lemure.
The lemure is moderately wounded.
Something hits you. The lemure barely misses you.
You closely miss the lemure.
The lemure is moderately wounded.
The lemure closely misses you. Something hits you but does no damage.
You hit the lemure.
The lemure is heavily wounded.
The lemure barely misses you. Something hits you. The lemure barely misses you.
You closely miss the lemure.
The lemure is heavily wounded.
The lemure closely misses you.
You hit the lemure.
The lemure is heavily wounded.
Something hits you! The lemure closely misses you.
You hit the lemure.
The lemure is severely wounded.
Something hits you.
* * * LOW HITPOINT WARNING * * *
The lemure hits you.
You die...

#.# .#
###.###.#
.......
###.#.######
#.......<..#
#.#..g55...#
#.###.#K#..#
#..##5#!.5
..5
#..##@###..#
. #..##.#
...K.
#..##.#.#
.###
##..#....# #
##........#
#....).....
####
#.#.....)>#
#..#
#.#..#....#
#..#
#.#..#....#


You could see 2 lemures and a hobgoblin.

Vanquished Creatures
  A jelly (D:4)
  2 adders (D:4)
  A worm (D:2)
  3 dart slugs
  3 orcs (D:4)
  A ball python (D:1)
  2 endoplasms (D:1)
  4 goblins (D:1)
  7 hobgoblins
  3 jackals (D:4)
  4 kobolds
  3 quokkas (D:1)
  5 bats
  3 frilled lizards (D:1)
  4 rats
46 creatures vanquished.

Notes
Turn   | Place    | Note
-------+----------+-------------------------------------------
     0 | D:1      | KittyFluff the Gargoyle Berserker began the quest for the
                  | Orb.
     0 | D:1      | Reached XP level 1. HP: 14/14 MP: 1/1
   176 | D:1      | Reached XP level 2. HP: 19/19 MP: 2/2
   433 | D:1      | Reached XP level 3. HP: 23/23 MP: 3/3
   460 | D:1      | Found a faded altar of an unknown god.
   865 | D:2      | Reached ** piety under Trog
   866 | D:2      | Reached skill level 4 in Maces & Flails
  1147 | D:2      | You fall into a shaft and drop 2 floors!
  1185 | D:4      | Reached XP level 4. HP: 22/29 MP: 4/4
  1237 | D:4      | Reached skill level 1 in Stealth
  1307 | D:4      | Noticed Sigmund
  1308 | D:4      | Noticed a lemure
  1310 | D:4      | Noticed Pikel
  1310 | D:4      | Noticed a lemure
  1311 | D:4      | Noticed a lemure
  1321 | D:4      | Slain by a lemure

Illustrated notes

Levels and vault maps discovered:
D:1:      tarquinn_simple_flora_water_c, layout_loops_cross,
          shapermc_ecumenical_altar_pompeii
D:2:      layout_basic
D:4:      minmay_chambers_of_fours, layout_loops_ring,
          grunt_temple_overflow_growth_and_decay, grunt_temple_overflow_open,
          serial_shops, shop, portal_sewer_entry_b, uniq_sigmund,
          uniq_blork_the_orc, uniq_pikel, uniq_natasha, uniq_menkaure

Skill      XL: |  1  2  3  4 |
---------------+-------------+-----
Maces & Flails | 4 |  4.5
Stealth        | 1 |  1.0
Fighting       | |  3.7
Armour         | |  2.9
Dodging        | |  1.6

Action                     |  1- 3 |  4- 6 || total
---------------------------+-------+-------++-------
  Melee: Mace              |   114 |    37 ||   151
    Use: Scroll            |     1 |       ||     1
 Armour: Animal skin       |    43 |    14 ||    57
  Dodge: Dodged            |    78 |    37 ||   115
